 Dungeon Crawl Stone Soup version 0.26.1-11-gd32895ea62 (webtiles) character file.

Game seed: 8746429618047298114

22448 hawla the Thaumaturge (level 12, -2/79 HPs)
             Began as a Deep Elf Conjurer on May 7, 2021.
             Was a High Priest of Vehumet.
             Slain by a troll (15 damage)
             ... on level 13 of the Dungeon on May 8, 2021.
             The game lasted 01:04:37 (15445 turns).

hawla the Thaumaturge (Deep Elf Conjurer)          Turns: 15445, Time: 01:04:38

Health: -2/79      AC:  8    Str:  5    XL:     12   Next: 63%
Magic:  28/30      EV: 15    Int: 28    God:    Vehumet [*****.]
Gold:   667        SH:  0    Dex: 16    Spells: 16/35 levels left

rFire    . . .     SeeInvis +   p - staff of conjuration
rCold    . . .     Faith    .   (no shield)
rNeg     + . .     Spirit   .   J - +2 robe {Will+}
rPois    .         Reflect  .   (no helmet)
rElec    .         Harm     .   z - +0 cloak of Wema {rN+} (curse)
rCorr    .         Rampage  .   Q - +0 pair of gloves {Dex+3}
Will     +++..                  (no boots)
Stlth    +++.......             f - amulet of magic regeneration
HPRegen  0.23/turn              v - ring of see invisible
MPRegen  0.47/turn              s - ring of willpower

@: very slightly contaminated
A: yellow scales 1, robust 1
a: Renounce Religion


You were on level 13 of the Dungeon.
You worshipped Vehumet.
Vehumet was extremely pleased with you.
You visited 2 branches of the dungeon, and saw 14 of its levels.
You also visited: Ossuary.

You collected 1062 gold pieces.
You spent 395 gold pieces at shops.

Inventory:

Hand Weapons
 O - a +2 whip of venom
Missiles
 h - 60 poisoned darts (quivered)
 m - 8 javelins
 x - 16 boomerangs
 P - 3 boomerangs of dispersal
Armour
 r - a +0 robe of positive energy
 w - the +1 robe "Ircheciw" {rPois rN++ Str-3 Int+2}
   (You bought it in a shop on level 9 of the Dungeon)

   It affects your strength (-3).
   It affects your intelligence (+2).
   It protects you from poison.
   It greatly protects you from negative energy.
 z - the cursed +0 cloak of Wema (worn) {rN+}
   (You bought it in a shop on level 9 of the Dungeon)

   It protects you from negative energy.
   It has a curse placed upon it.
 J - a +2 robe of willpower (worn)
 Q - a +0 pair of gloves of dexterity (worn)
 R - +0 steam dragon scales
Magical Staves
 p - an uncursed staff of conjuration (weapon)
 H - an uncursed staff of air
Jewellery
 a - a +4 ring of slaying
 f - an amulet of magic regeneration (around neck)
 o - an uncursed ring of protection from cold
 s - a ring of willpower (right hand)
 v - a ring of see invisible (left hand)
 A - an uncursed ring of protection from cold
 D - a +4 ring of protection
 N - a cursed +4 ring of protection
Wands
 l - a wand of flame (21)
 q - a wand of acid (4)
 u - a wand of enslavement (8)
 y - a wand of paralysis (7)
 G - a wand of digging (5)
Scrolls
 d - 2 scrolls of blinking
 g - 2 scrolls of magic mapping
 i - 4 scrolls of fog
 k - 4 scrolls of teleportation
 E - 4 scrolls of amnesia
 I - 2 scrolls of enchant armour
 L - 3 scrolls of remove curse
Potions
 b - 4 potions of might
 j - 2 potions of lignification
 t - 5 potions of flight
 B - a potion of heal wounds
 C - a potion of cancellation
 F - 2 potions of brilliance
 K - a potion of ambrosia


   Skills:
 - Level 7.0 Fighting
 - Level 0.3(2.2) Maces & Flails
 - Level 4.9(5.0) Staves
 - Level 1.0 Throwing
 - Level 5.0 Dodging
 - Level 5.0 Stealth
 - Level 1.0 Shields
 - Level 12.0 Spellcasting
 + Level 11.6 Conjurations
 - Level 5.0 Translocations
 - Level 3.0 Transmutations
 + Level 11.7 Fire Magic
 - Level 1.0 Evocations


You had 16 spell levels left.
You knew the following spells:

 Your Spells              Type           Power        Failure   Level
a - Magic Dart            Conj           100%         1%          1
b - Searing Ray           Conj           100%         1%          2
c - Iskenderun's Mystic   Conj/Tloc      76%          1%          4
d - Sticky Flame          Conj/Fire      89%          1%          4
e - Conjure Flame         Conj/Fire      89%          1%          3
f - Irradiate             Conj/Tmut      36%          1%          5

Your spell library contained the following spells:

 Spells                   Type           Power        Failure   Level
 Dazzling Flash           Conj/Hex       100%         1%          3
 Mephitic Cloud           Conj/Pois/Air  55%          1%          3
 Fulminant Prism          Conj/Hex       32%          1%          4
 Poisonous Vapours        Pois/Air       32%          4%          2
 Freezing Cloud           Conj/Ice/Air   27%          26%         6


Dungeon Overview and Level Annotations

Branches:
Dungeon (13/15)            Temple (1/1) D:4            Lair (0/6) D:9
    Orc (0/2) D:10        Ossuary (visited)
 Vaults: D:13-14

Altars:
Ashenzari
Cheibriados
Dithmenos
Elyvilon
Fedhas
Gozag
Hepliaklqana
Kikubaaqudgha
Makhleb
Nemelex Xobeh
Okawaru
Qazlal
Ru
Sif Muna
Trog
Uskayaw
Vehumet
Wu Jian
Xom
Yredelemnul
Zin
The Shining One

Shops:
D:8 (   D:9 [(   D:10 :

Portals:
Trove: D:12 (give 18 potions of curing)


Innate Abilities, Weirdness & Mutations

You are partially covered in yellow scales. (AC +2)
You are robust. (+10% HP)


Message History

You see here a large rock.
As you read the scroll of summoning, it crumbles to dust.
Wisps of shadow whirl around you...
Your unseen horror hits the yak!
The yak gores you.
* * * LOW HITPOINT WARNING * * *
Casting: Iskenderun's Mystic Blast (safe; 1% risk of failure)
Confirm with . or Enter, or press ? or * to list all spells.
Okay, then.
Casting: Iskenderun's Mystic Blast (safe; 1% risk of failure)
Confirm with . or Enter, or press ? or * to list all spells.
Aiming: Searing Ray (safe; 1% risk of failure)
Press: ? - help, Shift-Dir - straight line, f - yak
Aim: a yak (lightly wounded, 10% to evade)
You feel a surge of power!
The searing ray hits the troll!!
The troll is heavily wounded.
The searing ray hits the yak!
The yak is severely wounded. (Press . to maintain the ray.)
The troll bites you!
You die...

#.... ..........#
##+######.... ..........#
#............ ...≈......#
#............ ...>≈.....#
#........#### ..........#
#............ .......x..#
#..(......###
.....CJYZ.###...≈≈....#
......YT@.(##....≈.(.<#
.....Jh..(.##....(.(..#
....######(.#.........###
..........#.#(((.........
. .......#†(#'#########.
≈≈.....##(#.# #. .≈.....
#.#.# #. ≈;J≈...
#...##### #. ≈≈≈....
##......#####.


You could see a cyclops, 2 yaks, a troll, a black bear, a jelly, a friendly
unseen horror (summoned, invisible), a friendly jelly (summoned) and a friendly
centaur warrior skeleton (summoned).

Vanquished Creatures
  Erolcha (D:9)
  3 boulder beetles
  2 centaur warriors
  2 two-headed ogres
  The ghost of phalm the Geomancer, a novice GrEE of Vehumet (D:9)
  An unseen horror (D:12)
  Pikel (D:5)
  2 ugly things (D:11)
  2 cyclopes
  Joseph (D:9)
  A moth of wrath (D:9)
  Maurice (D:8)
  Psyche (D:8)
  Maggie (D:9)
  2 komodo dragons
  4 trolls
  Grinder (D:5)
  A meliai zombie (D:12)
  Sigmund (D:4)
  A redback (D:9)
  2 wraiths
  5 yaks
  3 wyverns
  A steam dragon (D:11)
  7 orc warriors
  A water moccasin (D:6)
  A black bear (D:9)
  3 ice beasts
  4 sky beasts
  4 centaurs
  4 phantoms
  A wolf (D:9)
  8 ogres
  A lemure (D:5)
  A big kobold (D:12)
  An elf zombie (Ossuary)
  2 gnoll sergeants
  8 bullfrogs
  A wyvern skeleton (D:12)
  3 scorpions
  9 killer bees
  20 wights
  6 electric eels
  2 howler monkeys
  7 crimson imps (D:9)
  2 centaur zombies
  4 jellies
  A bullfrog zombie (D:6)
  A quasit (D:6)
  5 centaur skeletons
  8 orc priests
  13 hounds
  2 bullfrog skeletons
  4 iguanas
  5 orc wizards
  8 worker ants
  A killer bee zombie (D:10)
  3 hound zombies
  2 hound skeletons
  5 mummies
  A worker ant zombie (D:7)
  A howler monkey zombie (D:9)
  11 gnolls
  A howler monkey skeleton (D:4)
  15 adders
  A shadow imp (D:6)
  5 white imps
  3 ufetubi
  4 adder skeletons
  An adder zombie (D:8)
  2 worms
  A dart slug (D:1)
  5 leopard geckos
  65 orcs
  5 bats
  5 giant cockroaches
  2 gnoll zombies (Ossuary)
  4 goblins
  4 hobgoblins
  4 jackals (D:2)
  9 kobolds
  3 quokkas
  4 frilled lizards
  5 goblin zombies
  4 hobgoblin zombies
  2 jackal skeletons
  2 jackal zombies
  2 kobold skeletons (D:6)
  2 kobold zombies (D:6)
  2 orc skeletons (D:6)
  2 orc zombies
  A quokka zombie (D:7)
  4 rats
  2 rat zombies (Ossuary)
383 creatures vanquished.

Notes
Turn   | Place    | Note
-------+----------+-------------------------------------------
     0 | D:1      | hawla the Deep Elf Conjurer began the quest for the Orb.
     0 | D:1      | Reached XP level 1. HP: 10/10 MP: 6/6
    53 | D:1      | You fall into a shaft and drop 1 floor!
   408 | D:1      | Reached XP level 2. HP: 16/16 MP: 6/8
   919 | D:1      | Learned a level 2 spell: Searing Ray
  1292 | D:2      | Reached XP level 3. HP: 20/20 MP: 5/9
  1347 | D:2      | Reached skill level 1 in Translocations
  1454 | D:2      | Reached skill level 1 in Fighting
  2012 | D:3      | Found a hazy altar of Hepliaklqana.
  2137 | D:3      | Found an ornate altar of the Wu Jian Council.
  2426 | D:3      | Reached XP level 4. HP: 25/25 MP: 7/11
  2431 | D:3      | Learned a level 4 spell: Iskenderun's Mystic Blast
  2575 | D:4      | Found a staircase to the Ecumenical Temple.
  2586 | Temple   | Entered the Ecumenical Temple
  2638 | Temple   | Became a worshipper of Vehumet
  2672 | D:4      | Reached skill level 4 in Spellcasting
  2672 | D:4      | Reached skill level 5 in Conjurations
  2728 | D:4      | Found a broken altar of Ashenzari.
  2833 | D:4      | Reached XP level 5. HP: 21/29 MP: 8/13
  2934 | D:4      | Reached skill level 1 in Fire Magic
  2997 | D:4      | Noticed Sigmund
  3235 | D:4      | Killed Sigmund
  3236 | D:4      | Reached skill level 1 in Throwing
  3236 | D:4      | Reached XP level 6. HP: 35/35 MP: 10/14
  3659 | D:5      | Entered Level 5 of the Dungeon
  4121 | D:5      | Noticed Pikel
  4125 | D:5      | Reached skill level 5 in Spellcasting
  4156 | D:5      | Killed Pikel
  4157 | D:5      | Reached skill level 7 in Spellcasting
  4157 | D:5      | Reached XP level 7. HP: 40/40 MP: 0/19
  4232 | D:5      | Noticed Grinder
  4236 | D:5      | Paralysed by Grinder for 2 turns
  4239 | D:5      | Killed Grinder
  4240 | D:5      | Reached XP level 8. HP: 36/45 MP: 13/21
  4303 | D:5      | Found a sand-covered staircase.
  4309 | Ossuary  | Entered an ossuary
  4317 | Ossuary  | Reached * piety under Vehumet
  4317 | Ossuary  | Offered knowledge of Freeze by Vehumet.
  4347 | Ossuary  | Gained mutation: You are partially covered in yellow
                  | scales. (AC +2) [potion of mutation]
  4347 | Ossuary  | Gained mutation: You are robust. (+10% HP) [potion of
                  | mutation]
  4367 | Ossuary  | Reached skill level 8 in Spellcasting
  5590 | D:5      | Reached skill level 5 in Stealth
  5844 | D:6      | Reached skill level 5 in Dodging
  5890 | D:6      | Reached skill level 1 in Evocations
  6015 | D:6      | Reached ** piety under Vehumet
  6016 | D:6      | Reached XP level 9. HP: 47/56 MP: 9/23
  6016 | D:6      | Offered knowledge of Shock by Vehumet.
  6184 | D:6      | Reached skill level 5 in Fire Magic
  6294 | D:6      | Found a glowing golden altar of the Shining One.
  6303 | D:6      | Offered knowledge of Mephitic Cloud by Vehumet.
  6305 | D:6      | Reached skill level 9 in Spellcasting
  6892 | D:7      | Found a hazy altar of Hepliaklqana.
  6959 | D:7      | Reached *** piety under Vehumet
  6970 | D:7      | Found a glowing silver altar of Zin.
  7548 | D:8      | Reached skill level 5 in Fighting
  7589 | D:8      | Found Fadaekui's Antique Weapon Emporium.
  7598 | D:8      | Reached skill level 1 in Shields
  7640 | D:8      | Noticed Maurice
  7662 | D:8      | Killed Maurice
  7663 | D:8      | Reached skill level 1 in Staves
  7746 | D:8      | Noticed Psyche
  7754 | D:8      | Killed Psyche
  7755 | D:8      | Reached XP level 10. HP: 50/64 MP: 11/25
  8223 | D:8      | Offered knowledge of Sticky Flame by Vehumet.
  8234 | D:8      | Reached **** piety under Vehumet
  8438 | D:9      | Learned a level 4 spell: Sticky Flame
  8506 | D:9      | Noticed Erolcha
  8640 | D:8      | Learned a level 3 spell: Conjure Flame
  8655 | D:9      | Killed Erolcha
  8656 | D:9      | Reached skill level 10 in Spellcasting
  8663 | D:9      | Offered knowledge of Fireball by Vehumet.
  8769 | D:9      | Noticed Joseph
  9292 | D:9      | Killed Joseph
  9504 | D:9      | Noticed Maggie
  9515 | D:9      | Killed Maggie
  9516 | D:9      | Found Sacsacume's Antique Weapon Boutique.
  9578 | D:9      | Found Wuskiy's Antique Armour Emporium.
  9582 | D:9      | Bought a ripped robe for 148 gold pieces
  9582 | D:9      | Bought a polished cloak for 247 gold pieces
  9592 | D:9      | Identified the +1 robe "Ircheciw" {rPois rN++ Str-3 Int+2}
                  | (You bought it in a shop on level 9 of the Dungeon)
  9612 | D:9      | Identified the cursed +0 cloak of Wema {rN+} (You bought it
                  | in a shop on level 9 of the Dungeon)
  9650 | D:9      | Reached ***** piety under Vehumet
  9650 | D:9      | Offered knowledge of Orb of Destruction by Vehumet.
  9726 | D:9      | Reached XP level 11. HP: 72/72 MP: 23/27
  9811 | D:9      | Found a staircase to the Lair.
 10080 | D:9      | Found a sparkling altar of Nemelex Xobeh.
 10190 | D:9      | Found a transporter.
 10191 | D:9      | Noticed phalm's ghost (novice GrEE)
 10207 | D:9      | Found a transporter.
 10312 | D:10     | Entered Level 10 of the Dungeon
 10552 | D:10     | Found Cotal's Book Boutique.
 10688 | D:10     | Found a staircase to the Orcish Mines.
 11228 | D:9      | Killed phalm's ghost
 11228 | D:9      | Offered knowledge of Irradiate by Vehumet.
 11229 | D:9      | Reached skill level 10 in Conjurations
 11229 | D:9      | Reached skill level 10 in Fire Magic
 11235 | D:9      | Learned a level 5 spell: Irradiate
 11553 | D:11     | Noticed a cyan ugly thing
 11555 | D:11     | Noticed a green ugly thing
 11558 | D:11     | Reached skill level 1 in Transmutations
 11567 | D:11     | Killed a cyan ugly thing
 11567 | D:11     | Killed a green ugly thing
 11740 | D:11     | Noticed a two-headed ogre
 11746 | D:11     | Killed a two-headed ogre
 11900 | D:11     | Reached skill level 5 in Translocations
 12162 | D:11     | Noticed a boulder beetle
 12172 | D:11     | Killed a boulder beetle
 12183 | D:11     | Noticed a boulder beetle
 12234 | D:11     | Killed a boulder beetle
 12619 | D:11     | Reached XP level 12. HP: 68/79 MP: 17/28
 13158 | D:12     | Noticed a boulder beetle
 13170 | D:12     | Reached skill level 11 in Spellcasting
 13765 | D:12     | Killed a boulder beetle
 14027 | D:12     | Found a portal to a secret trove of treasure.
 14491 | D:12     | Noticed a centaur warrior
 14499 | D:12     | Killed a centaur warrior
 14613 | D:12     | Noticed a two-headed ogre
 14621 | D:12     | Killed a two-headed ogre
 15218 | D:13     | Noticed a centaur warrior
 15221 | D:13     | Killed a centaur warrior
 15222 | D:13     | Reached skill level 12 in Spellcasting
 15445 | D:13     | Slain by a troll

Illustrated notes

Levels and vault maps discovered:
D:1:      minmay_arrival_open_corners, layout_loops_corners,
          minmay_split_cup_small
D:2:      layout_basic
D:3:      layout_basic, lemuel_crystal_altar, pdpol_wu_jian_five_deadly_venoms
D:4:      layout_loops_cross, lemuel_coloured_pillars_altar,
          minmay_temple_entry_stoned_glass, uniq_sigmund
D:5:      layout_basic, nicolae_ossuary_entry_giza, serial_curves,
          eino_curves_02, eino_curves_01, eino_curves_01, eino_curves_02,
          uniq_pikel, uniq_grinder
D:6:      layout_rooms, nicolae_tso_besieged_by_evil
D:7:      layout_basic, kennysheep_mini, basic_altar
D:8:      layout_rooms, serial_shops, shop, special_room [special_room_orc],
          uniq_psyche, uniq_maurice
D:9:      layout_irregular_city, nemelex_xobeh_ov_fountains_minmay,
          erik_lair_island, serial_shops, nicolae_shop_behind_doors, shop,
          gammafunk_ghost_berserking_beasts, minmay_nine_imps, uniq_maggie,
          uniq_joseph, uniq_erolcha
D:10:     layout_basic, hiddenorc2_lemuel, serial_shops,
          nicolae_shop_behind_doors
D:11:     layout_basic, kennysheep_cluttered_room
D:12:     layout_rooms, enter_trove_2
D:13:     layout_basic
Temple:   nicolae_temple_x_marks_the_god

Skill      XL: |  1  2  3  4  5  6  7  8  9 10 11 12 |
---------------+-------------------------------------+-----
Dodging        | 3 4 5 |  5.0
Stealth        | 3 4 5 |  5.0
Translocations | 1 2 3 4 5 |  5.0
Fighting       | 1 2 3 5 6 7 |  7.0
Spellcasting   | 4 7 8 9 10 12 | 12.0
Conjurations   | 5 6 7 9 10 11 | 11.6
Fire Magic     | 1 3 4 7 9 10 11 | 11.7
Throwing       | 1 |  1.0
Evocations     | 1 |  1.0
Shields        | 1 |  1.0
Staves         | 1 3 4 |  4.9
Transmutations | 3 |  3.0
Maces & Flails | |  0.3

Action                   |  1- 3 |  4- 6 |  7- 9 | 10-12 || total
-------------------------+-------+-------+-------+-------++-------
Melee: Whip              |     7 |    16 |    35 |       ||    58
       Quarterstaff      |       |       |     5 |       ||     5
       Staff             |       |       |       |    40 ||    40
Throw: Dart              |       |       |       |    27 ||    27
 Cast: Magic Dart        |    34 |    11 |    33 |    53 ||   131
       Searing Ray       |    20 |    24 |    61 |    81 ||   186
       Iskenderun's Myst |       |     1 |    35 |   163 ||   199
       Sticky Flame      |       |       |       |     9 ||     9
       Irradiate         |       |       |       |     3 ||     3
       Conjure Flame     |       |       |       |     1 ||     1
Evoke: Wand              |       |       |       |     1 ||     1
  Use: Scroll            |     5 |     6 |    10 |    14 ||    35
       Potion            |       |     2 |     7 |     2 ||    11
 Stab: Distracted        |       |       |       |     1 ||     1
Armor: Robe              |     3 |       |    36 |    42 ||    81
       Skin              |       |    15 |    27 |       ||    42
Dodge: Dodged            |    11 |    11 |    74 |   127 ||   223
